Map: Paladino Terminal LE

Players

Musumeci - Winner!

  • Race: Zerg Zerg
  • League: Diamond
  • Spawn Location: 5:00

MoucheFolle

  • Race: Zerg Zerg
  • Spawn Location: 9:00

VOD

Have the link to the VOD?

Description

Time

  • Played on: Jan. 29, 2017, 12:55 p.m.
  • Length: 6:51
Show
View Real Time Build Order
Export as new Build Order

Musumeci Zerg - Winner!

Build Orders: Pool First, Zergling Baneling 

Get SALT Encoding   

  12  0:08  Drone  
  12  0:09  Drone  
  14  0:16  Drone, Extractor  
  15  0:24  Overlord  
  15  0:42  Drone x2  
  17  0:50  Spawning Pool  
  17  0:54  Extractor  
  17  0:55  Drone  
  16  1:29  Drone  
  16  1:30  Drone  
  16  1:31  Hatchery, Drone  
  18  1:45  Queen  
  20  1:49  Drone  
  21  1:57  Overlord  
  21  2:02  Drone  
  22  2:08  Metabolic Boost  
  22  2:15  Zergling x2  
  23  2:23  Baneling Nest  
  22  2:30  Queen  
  24  2:49  Drone x4  
  28  3:02  Drone x2  
  28  3:03  Drone x2  
  32  3:13  Drone x2  
  34  3:23  Zergling x2  
  34  3:24  Zergling x2  
  34  3:26  Baneling  
  35  3:30  Overlord  
  35  3:37  Overlord  
  35  3:39  Overlord  
  35  3:42  Baneling x2  
  35  3:47  Baneling x2  
  35  3:51  Zergling x2  
  31  4:07  Zergling x2  
  31  4:08  Zergling x20  
  32  4:22  Drone x2  
  34  4:38  Zergling x6  
  36  4:42  Baneling x10  
  28  5:15  Zergling x4  
  28  5:16  Zergling x14  
  33  5:30  Baneling x2  
  33  5:31  Drone  
  33  5:32  Drone x2  
  36  5:39  Drone  
  36  5:40  Queen  
  39  5:46  Baneling  
  39  5:47  Baneling x3  
  34  6:10  Zergling x2  
  34  6:11  Zergling x12  
  36  6:26  Drone x4  
  36  6:28  Zergling x2  
  41  6:36  Roach Warren  
  41  6:37  Extractor  
  41  6:38  Drone  
  41  6:39  Drone  
Show
View Real Time Build Order
Export as new Build Order

MoucheFolle Zerg 

Build Orders: Pool First 

Get SALT Encoding   

  12  0:02  Drone  
  13  0:13  Overlord  
  13  0:18  Drone  
  14  0:31  Drone x2  
  16  0:43  Spawning Pool  
  16  0:46  Drone  
  16  0:51  Extractor  
  16  0:53  Drone  
  17  0:57  Drone  
  17  1:08  Drone  
  18  1:24  Hatchery  
  17  1:39  Queen  
  17  1:45  Zergling x2  
  20  1:50  Drone x2  
  22  1:54  Metabolic Boost  
  22  2:08  Overlord  
  22  2:26  Queen  
  22  2:29  Baneling Nest  
  23  2:33  Drone  
  23  2:34  Drone x2  
  25  2:57  Evolution Chamber  
  24  3:00  Zergling x6  
  24  3:01  Zergling x6  
  30  3:21  Zergling x4  
  30  3:22  Zergling x8  
  36  3:28  Zerg Melee Weapons Level 1  
  36  3:34  Overlord  
  36  3:39  Overlord  
  36  3:49  Lair  
  31  4:09  Drone x5  
  34  4:10  Drone  
  34  4:11  Drone  
  35  4:20  Drone x2  
  35  4:21  Drone  
  38  4:30  Baneling x4  
  38  4:31  Baneling  
  38  4:37  Extractor  
  37  4:38  Extractor  
  37  4:39  Zergling x4  
  37  4:41  Zergling x2, Extractor  
  38  4:46  Drone x2  
  37  5:09  Drone  
  37  5:10  Drone x5  
  39  5:17  Zergling x8  
  39  5:18  Zergling x2  
  32  5:34  Spire  
  31  5:40  Baneling  
  31  5:41  Baneling x3  
  31  5:51  Zergling x6  
  17  6:31  Zergling x12  
  25  6:41  Spine Crawler  
Tags
 
Add a new tag
Caveats
  • Supply blocks, unpowered buildings, or Contaminate may cause inaccurate times.
  • Supply counts are checked every 10 seconds.